 Dungeon Crawl Stone Soup version 0.30.0 (webtiles) character file.

Game seed: 8693505476694447729

23 ScarlettSwan the Cudgeller (level 3, -7/18 HPs)
             Began as a Meteoran Cinder Acolyte on Oct 15, 2023.
             Was a High Priest of Ignis.
             Killed by nerve-wracking pain
             ... invoked by an orc priest
              (10 damage)
             ... on level 3 of the Dungeon.
             The game lasted 00:09:49 (1114 turns).

ScarlettSwan the Cudgeller (MeCA)                   Turns: 1114, Time: 00:09:51

Health: -7/18      AC:  2    Str: 17    XL:     3   Next: 29%
Magic:  6/6        EV: 11    Int: 16    God:    Ignis [*****.]
Gold:   18         SH:  0    Dex:  9    Spells: 4/4 levels left

rFire   + . .        a - -1 mace (flame)
rCold   . . .        (no shield)
rNeg    . . .        b - +0 robe
rPois   .            (no helmet)
rElec   .            (no cloak)
rCorr   .            (no gloves)
SInv    .            (no boots)
Will    .....        (no amulet)
Stlth   +            (no ring)
HPRegen 0.23/turn    (no ring)
MPRegen 0.10/turn

%: no passive effects
@: glowing
A: sense surroundings 1, otherworldly, glowing, explore regen
a: Renounce Religion, Fiery Armour, Foxfire Swarm


You were on level 3 of the Dungeon.
You worshipped Ignis.
Ignis was extremely pleased with you.
You visited 1 branch of the dungeon, and saw 4 of its levels.

You collected 18 gold pieces.

Inventory:

Hand Weapons
 a - a -1 mace of flaming (weapon)
Armour
 b - a +0 robe (worn)
Potions
 c - a potion of attraction {unknown}
 d - a potion of cancellation {unknown}
 e - 2 potions of flight {unknown}


   Skills:
 + Level 3.7 Fighting
 * Level 4.5 Maces & Flails
 - Level 0.5 Dodging
 + Level 1.3 Spellcasting
 + Level 4.0 Fire Magic


You had 4 spell levels left.
You didn't know any spells.
Your spell library contained the following spells:

 Spells                   Type           Power      Damage    Failure   Level
 Scorch                   Fire           26%        2d6       6%          2


Dungeon Overview and Level Annotations

Branches:
Dungeon (4/15) Zot: 1673
 Temple: D:4-7

Altars:


Innate Abilities, Weirdness & Mutations

You passively map a small area around you.
You are easily found by Zot.
You glow in the dark.
You regain HP and MP as you explore.


Message History

An orc priest comes into view. It is wielding a +0 hand axe.
The orc priest shouts!
The orc barely misses you.
You sock the orc! You burn the orc.
You kill the orc!
Your Fire Magic skill increases to level 4!
You sock the orc! You burn the orc.
You kill the orc!
You hit the orc priest but do no damage.
The orc priest hits you with a +0 hand axe.
You hit the orc priest but do no damage.
The orc priest invokes the aid of Beogh against you.
Beogh smites you!
Ouch! That really hurt!
* * * LOW HITPOINT WARNING * * *
Okay, then.
The orc priest attacks as you move away!
The orc priest hits you but does no damage.
There is a stone staircase leading up here.
The orc priest barely misses you.
You climb upwards.
There is a stone staircase leading down here.
The orc priest hits you with a +0 hand axe.
* * * LOW HITPOINT WARNING * * *
You climb downwards.
There is a stone staircase leading up here.
The orc priest barely misses you.
You climb upwards.
There is a stone staircase leading down here.
You open the door. The orc priest completely misses you.
There is an open door here.
The orc priest attacks as you move away!
The orc priest misses you.
The orc priest attacks as you move away!
The orc priest hits you with a +0 hand axe.
* * * LOW HITPOINT WARNING * * *
The orc priest mumbles some strange prayers to Beogh against you.
Pain shoots through your body!
Ouch! That really hurt!
You die...

#..#### #.# *
#.....# #.# *
#.###.# #.# , ,*
#.# #.# #.# ,
#.###.###.#* , ,
#........>#♣, * ,
###.......'♣♣ .+
##...####.♣♣♣♣♣...#
##.## ##o.@....#*
#)# ##.....## * *
#.#** ##...## #..,
,,*##+## * #. * * *
* , , * , * *,* *
** ** * * , , , , *
* *


You could see an orc priest.

Vanquished Creatures
  2 orcs (D:4)
  2 bats
  2 endoplasms (D:1)
  2 giant cockroaches
  A goblin (D:1)
  A hobgoblin (D:2)
  A kobold (D:1)
  2 quokkas (D:1)
  2 ball pythons (D:1)
  2 frilled lizards (D:1)
  2 rats (D:1)
19 creatures vanquished.

Vanquished Creatures (others)
  A fungus (D:3)
1 creature vanquished.

Grand Total: 20 creatures vanquished

Notes
Turn   | Place    | Note
-------+----------+-------------------------------------------
     0 | D:1      | ScarlettSwan the Meteoran Cinder Acolyte began the quest
                  | for the Orb.
     0 | D:1      | Reached XP level 1. HP: 19/19 MP: 3/3
   179 | D:1      | Reached XP level 2. HP: 26/26 MP: 5/5
   495 | D:1      | Glimpsed the power of Zot.
   543 | D:1      | Glimpsed the power of Zot.
   582 | D:1      | Glimpsed the power of Zot.
   591 | D:1      | Touched by the power of Zot.
   692 | D:1      | Glimpsed the power of Zot.
   742 | D:1      | Glimpsed the power of Zot.
   782 | D:1      | Glimpsed the power of Zot.
   791 | D:1      | Touched by the power of Zot.
   924 | D:2      | Reached XP level 3. HP: 17/17 MP: 6/6
  1003 | D:1      | You fall into a shaft and drop 1 floor!
  1114 | D:3      | Killed from afar by an orc priest

Illustrated notes

Levels and vault maps discovered:
D:1:      dpeg_arrival_pits, layout_basic
D:2:      layout_basic, nicolae_concentric_dashed_squares_wild
D:3:      layout_loops_corners, mainiacjoe_overflow_chevrons,
          nicolae_hepliaklqana_monster_ancestors, serial_forest,
          infiniplex_forest_straight_3, infiniplex_forest_straight_5,
          infiniplex_forest_lined_corner, infiniplex_forest_side_room,
          infiniplex_forest_straight_2, uniq_robin
D:4:      layout_loops_ring, mainiacjoe_overflow_cross_hatched

Skill      XL: |  1  2  3 |
---------------+----------+-----
Fire Magic     | 4 |  4.0
Fighting       | |  3.7
Maces & Flails | |  4.5
Dodging        | |  0.5
Spellcasting   | |  1.3

Action                     || total
---------------------------++-------
  Melee: Mace              ||    56
         Punch             ||     1
 Invoke: Rising Flame      ||     1
    Use: Scroll            ||     2
         Potion            ||     1
 Armour: Robe              ||    22
  Dodge: Dodged            ||    29
